 Dungeon Crawl Stone Soup version 0.22.1-2-g9c5b331 (webtiles) character file.

8477 Fang the Cleaver (level 11, -3/108 HPs)
             Began as a Gargoyle Berserker on Nov 19, 2018.
             Was a High Priest of Trog.
             Slain by an 18-headed hydra (6 damage)
             ... on level 11 of the Dungeon on Nov 20, 2018.
             The game lasted 00:15:19 (9692 turns).

Fang the Cleaver (Gargoyle Berserker)               Turns: 9692, Time: 00:15:20

Health: -3/108     AC: 27    Str: 29    XL:     11   Next: 31%
Magic:  11/11      EV:  9    Int:  8    God:    Trog [*****.]
Gold:   554        SH:  0    Dex:  9    Spells: 10/10 levels left

rFire    + + .     SeeInvis .   E - +3 war axe
rCold    . . .     Gourm    .   (no shield)
rNeg     + + .     Faith    .   j - +2 plate armour
rPois    ∞         Spirit   .   (no helmet)
rElec    +         Reflect  .   y - scarf {rC+ rF+}
rCorr    .         Harm     .   (no gloves)
MR       .....                  t - +2 pair of boots
Stlth    ..........             (no amulet)
HPRegen  0.28/turn              z - ring of fire
MPRegen  0.12/turn              n - ring of positive energy

@: berserking (expiring), very quick
A: negative energy resistance 1, electricity resistance, unbreathing,
petrification resistance, rot immunity, AC +8
a: Berserk, Trog's Hand, Brothers in Arms, Renounce Religion


You were on level 11 of the Dungeon.
You worshipped Trog.
Trog was extremely pleased with you.
You were very hungry.

You visited 1 branch of the dungeon, and saw 11 of its levels.

You collected 554 gold pieces.

Inventory:

Hand Weapons
 d - a +2 hand axe of chopping
 p - a +2 hand axe of electrocution
 E - a +3 war axe (weapon)
Armour
 j - a +2 plate armour (worn)
 t - a +2 pair of boots (worn)
 y - a scarf of resistance (worn)
Jewellery
 n - a ring of positive energy (right hand)
 z - a ring of fire (left hand)
Wands
 a - a wand of clouds (4)
 f - a wand of disintegration (14)
 q - a wand of digging (39)
 s - a wand of flame (93)
 A - a wand of paralysis (13)
Scrolls
 g - 2 scrolls of remove curse
 h - a scroll of magic mapping
 l - 10 scrolls of teleportation
 o - 2 scrolls of fear
 C - a scroll of identify
 D - 3 scrolls of blinking
Potions
 b - 2 potions of ambrosia
 e - 4 potions of curing
 i - 5 potions of brilliance
 k - a potion of resistance
 r - a potion of cancellation
 u - a potion of flight
 v - 2 potions of haste
 w - a potion of might
 x - a potion of berserk rage
 B - a potion of invisibility
Comestibles
 c - 21 rations


   Skills:
 + Level 9.6 Fighting
 + Level 11.1(11.2) Axes
   Level 2.1(7.4) Polearms
 + Level 9.2 Armour
 + Level 3.2 Dodging
 + Level 2.1 Stealth
 + Level 1.3 Unarmed Combat


You had 10 spell levels left.
You didn't know any spells.
Your spell library was empty.

Dungeon Overview and Level Annotations

Branches:
Dungeon (11/15)            Temple (0/1) D:4            Lair (0/6) D:9
    Orc: D:9-12

Altars:
Fedhas
Gozag
Kikubaaqudgha
Okawaru
Ru
Sif Muna
Trog
Uskayaw
Vehumet
Wu Jian
Xom
Yredelemnul
Zin

Shops:
D:4 (

Annotations:
D:6 1 runed door
D:9 1 runed door


Innate Abilities, Weirdness & Mutations

You are resistant to torment.
Your stone body is resilient. (AC +8)
You are immune to poison.
You resist negative energy. (rN+)
You are resistant to electric shocks. (rElec)
You can survive without breathing.
You are immune to petrification.
You are immune to rotting.


Message History

The 17-headed hydra bites you but does no damage. x5
The 17-headed hydra bites you.
* * * LOW HITPOINT WARNING * * *
The 17-headed hydra bites you.
* * * LOW HITPOINT WARNING * * *
The 17-headed hydra barely misses you.
The 17-headed hydra bites you but does no damage.
You barely miss the 17-headed hydra.
The 17-headed hydra is moderately wounded.
Unknown command.
You lop one of the 17-headed hydra's heads off!
The 16-headed hydra grows two more!
You slice the 18-headed hydra!!
The 18-headed hydra is heavily wounded.
The 18-headed hydra bites you but does no damage.
The 18-headed hydra barely misses you.
The 18-headed hydra bites you but does no damage.
The 18-headed hydra bites you.
* * * LOW HITPOINT WARNING * * *
The 18-headed hydra bites you.
You die...

#.. #.. #... #...
#.... #
#....##########..#
##....D....)......#
.......@)).<......#
..................#
..................#
.####.............#
#.............#
##+####.......#
#.......# #.....$.#


You could see a 18-headed hydra.

Vanquished Creatures
  4 two-headed ogres
  An unseen horror (D:10)
  The ghost of servayboy the Slasher, a novice DrBe of Trog (D:5)
  A gargoyle (D:7)
  A komodo dragon (D:9)
  Prince Ribbit (D:6)
  A human (D:6)
  A hungry ghost (D:8)
  Menkaure (D:5)
  Duvessa (D:6)
  3 ice beasts
  An ogre (D:10)
  A phantom (D:8)
  3 necrophages
  3 sky beasts
  A crocodile (D:9)
  3 centaurs
  A gnoll sergeant (D:9)
  5 bullfrogs
  Dowan (D:6)
  3 scorpions
  A killer bee (D:7)
  10 wights
  2 howler monkeys
  5 crimson imps
  4 hounds
  2 centaur skeletons
  2 jellies
  A gnoll shaman (D:4)
  10 orc wizards
  2 bullfrog skeletons (D:4)
  3 iguanas
  7 worker ants
  A hound zombie (D:10)
  8 gnolls
  10 adders
  3 oozes
  3 adder zombies
  4 worms
  2 dart slugs
  3 leopard geckos
  31 orcs
  6 bats
  6 giant cockroaches
  10 goblins
  4 hobgoblins
  7 jackals
  5 quokkas
  A ball python (D:1)
  10 frilled lizards
  A jackal skeleton (D:4)
  6 kobolds
  A kobold zombie (D:6)
  2 leopard gecko skeletons
  4 rats
  A butterfly (D:4)
216 creatures vanquished.

Vanquished Creatures (collateral kills)
  4 killer bees (D:7)
4 creatures vanquished.

Vanquished Creatures (others)
  8 plants (D:9)
8 creatures vanquished.

Grand Total: 228 creatures vanquished

Notes
Turn   | Place    | Note
-------+----------+-------------------------------------------
     0 | D:1      | Fang the Gargoyle Berserker began the quest for the Orb.
     0 | D:1      | Reached XP level 1. HP: 14/14 MP: 1/1
    92 | D:1      | Reached XP level 2. HP: 16/19 MP: 2/2
   324 | D:1      | Reached skill level 3 in Axes
   369 | D:1      | Reached ** piety under Trog
   649 | D:2      | Reached XP level 3. HP: 24/24 MP: 3/3
   683 | D:2      | Found a blossoming altar of Fedhas.
   738 | D:2      | Reached XP level 4. HP: 26/29 MP: 4/4
   987 | D:2      | Found a glowing silver altar of Zin.
   987 | D:2      | Noticed an angel
   988 | D:2      | Found a shimmering altar of Xom.
  1077 | D:2      | Reached skill level 1 in Stealth
  2018 | D:4      | Reached XP level 5. HP: 34/34 MP: 5/5
  2056 | D:4      | Reached skill level 4 in Axes
  2070 | D:4      | Found a hide-covered altar of Uskayaw.
  2130 | D:4      | Found Poesit's Weapon Shop.
  2137 | D:4      | Reached XP level 6. HP: 39/39 MP: 6/6
  2150 | D:4      | Reached skill level 5 in Fighting
  2163 | D:4      | Reached *** piety under Trog
  2608 | D:4      | Reached skill level 5 in Axes
  2608 | D:4      | Reached XP level 7. HP: 42/44 MP: 7/7
  2695 | D:4      | Found a staircase to the Ecumenical Temple.
  2942 | D:5      | Entered Level 5 of the Dungeon
  2981 | D:5      | Found a blossoming altar of Fedhas.
  3230 | D:5      | Found a runed door.
  3230 | D:5      | Noticed servayboy's ghost (novice DrBe)
  3230 | D:5      | Noticed Menkaure
  3234 | D:5      | Killed Menkaure
  3234 | D:5      | Reached skill level 6 in Axes
  3355 | D:5      | Reached XP level 8. HP: 50/50 MP: 8/8
  3874 | D:5      | Killed servayboy's ghost
  3874 | D:5      | Reached skill level 7 in Axes
  3874 | D:5      | Reached skill level 5 in Armour
  4056 | D:6      | Found a runed door.
  4086 | D:6      | Noticed Prince Ribbit
  4110 | D:6      | Killed Prince Ribbit
  4110 | D:6      | Reached skill level 8 in Axes
  4110 | D:6      | Reached XP level 9. HP: 27/56 MP: 9/9
  4239 | D:6      | Noticed Duvessa
  4239 | D:6      | Noticed Dowan
  4240 | D:6      | Found a runed door.
  4244 | D:6      | Killed Duvessa
  4255 | D:6      | Killed Dowan
  4313 | D:6      | Found a basalt altar of Yredelemnul.
  4393 | D:6      | Reached **** piety under Trog
  4488 | D:6      | Found a deep blue altar of Sif Muna.
  4618 | D:6      | Found an iron altar of Okawaru.
  5152 | D:7      | Noticed a gargoyle
  5178 | D:7      | Killed a gargoyle
  5319 | D:7      | Reached skill level 1 in Polearms
  6028 | D:8      | Found an ornate altar of the Wu Jian Council.
  6134 | D:8      | Reached skill level 9 in Axes
  6134 | D:8      | Reached skill level 1 in Unarmed Combat
  6165 | D:8      | Reached XP level 10. HP: 64/64 MP: 10/10
  6614 | D:8      | Found a bloodstained altar of Trog.
  6970 | D:9      | Reached ***** piety under Trog
  6998 | D:9      | Noticed a two-headed ogre
  7002 | D:9      | Killed a two-headed ogre
  7102 | D:9      | Found an ancient bone altar of Kikubaaqudgha.
  7102 | D:9      | Found a sacrificial altar of Ru.
  7188 | D:9      | Found a runed door.
  7188 | D:9      | Noticed an ogre mage
  7188 | D:9      | Noticed a fire dragon
  7190 | D:9      | Noticed a stone giant
  7190 | D:9      | Noticed a necromancer
  7190 | D:9      | Noticed an ogre mage
  7190 | D:9      | Noticed a yaktaur captain
  7204 | D:9      | Reached skill level 10 in Axes
  7376 | D:9      | Found a staircase to the Lair.
  7404 | D:9      | Found a radiant altar of Vehumet.
  7618 | D:9      | Noticed a two-headed ogre
  7637 | D:9      | Killed a two-headed ogre
  8420 | D:10     | Entered Level 10 of the Dungeon
  8457 | D:10     | Noticed a two-headed ogre
  8470 | D:10     | Killed a two-headed ogre
  8470 | D:10     | Reached XP level 11. HP: 35/71 MP: 11/11
  8824 | D:10     | Found an opulent altar of Gozag.
  8979 | D:10     | Noticed a two-headed ogre
  8989 | D:10     | Killed a two-headed ogre
  8989 | D:10     | Reached skill level 11 in Axes
  9440 | D:10     | Killed an unseen horror
  9675 | D:11     | Noticed a seven-headed hydra
  9692 | D:11     | HP: 3/108 [18-headed hydra (6)]
  9692 | D:11     | Slain by an 18-headed hydra

Skill      XL: |  1  2  3  4  5  6  7  8  9 10 11 |
---------------+----------------------------------+-----
Axes           | 3 4 5 6 8 9 10 11 | 11.1
Dodging        | 2 3 |  3.2
Fighting       | 4 5 6 7 9 |  9.6
Stealth        | 1 2 |  2.1
Armour         | 3 4 5 7 8 9 |  9.2
Polearms       | 2 |  2.1
Unarmed Combat | 1 |  1.3

Action                   |  1- 3 |  4- 6 |  7- 9 | 10-12 || total
-------------------------+-------+-------+-------+-------++-------
Melee: Hand axe          |    52 |   168 |   216 |   269 ||   705
       Trident           |       |       |   149 |       ||   149
       Unarmed           |       |       |    14 |       ||    14
       Punch             |       |       |       |     2 ||     2
       War axe           |       |       |       |    56 ||    56
Invok: Berserk           |       |     1 |     6 |     4 ||    11
       Brothers in Arms  |       |       |     1 |       ||     1
  Use: Scroll            |       |     8 |    13 |     3 ||    24
       Potion            |       |       |     1 |       ||     1
 Stab: Sleeping          |     1 |       |       |       ||     1
  Eat: Chunk             |       |     6 |    10 |    17 ||    33
       Ration            |       |       |     2 |       ||     2
Armor: Animal skin       |    19 |    16 |       |       ||    35
       Scale mail        |       |    82 |     1 |       ||    83
       Plate armour      |       |       |   282 |   274 ||   556
Dodge: Dodged            |    35 |   113 |   139 |   126 ||   413
